 Dungeon Crawl Stone Soup version 0.27-a0-1200-g94dc6ad4cf (webtiles) character file.

Game seed: 4090634482503180925

9506 Delamore the Basher (level 11, -7/63 HPs)
             Began as a Gargoyle Fighter on May 29, 2021.
             Was a High Priest of Okawaru.
             Mangled by a bone dragon (13 damage)
             ... on level 1 of the Abyss on May 30, 2021.
             The game lasted 00:19:10 (13434 turns).

Delamore the Basher (Gargoyle Fighter)             Turns: 13434, Time: 00:19:10

Health: -7/63      AC: 23    Str: 28    XL:     11   Next: 47%
Magic:  9/14       EV:  8    Int: 10    God:    Okawaru [*****.]
Gold:   790        SH:  0    Dex:  9    Spells: 10/10 levels left

rFire    + + .     SeeInvis .   y - +7 great mace "Firestarter" {inner flame, rF++}
rCold    + . .     Faith    +   (shield currently unavailable)
rNeg     + . .     Spirit   .   q - +1 chain mail {rC+}
rPois    ∞         Reflect  .   g - +0 helmet
rElec    +         Harm     .   D - +0 cloak
rCorr    +         Rampage  .   (no gloves)
Will     .....                  n - +2 pair of boots
Stlth    ..........             i - amulet of faith
HPRegen  0.20/turn              N - +6 ring of strength
MPRegen  0.14/turn              t - ring of resist corrosion

@: mighty, finesse-ful
A: sickness immunity, AC +8, negative energy resistance 1, electricity
resistance, torment resistance 1, petrification resistance
a: Renounce Religion, Heroism, Finesse


You were on level 1 of the Abyss.
You worshipped Okawaru.
Okawaru was extremely pleased with you.
You visited 2 branches of the dungeon, and saw 12 of its levels.
You visited the Abyss 1 time.
You also visited: Ossuary.

You collected 790 gold pieces.

Inventory:

Hand Weapons
 h - a +2 whip of flaming
 p - a +0 morningstar
 y - the +7 great mace "Firestarter" (weapon) {inner flame, rF++}
   (You acquired it on level 9 of the Dungeon)

   It has been specially enchanted to burn those struck by it, causing extra
   injury to most foes and up to half again as much damage against particularly
   susceptible opponents.
   It greatly protects you from fire.
Missiles
 a - 3 atropa-tipped darts
 o - 60 poisoned darts
 w - 3 javelins
 x - 27 boomerangs (quivered)
 G - 2 throwing nets
 P - 2 silver javelins
Armour
 c - a +0 kite shield
 g - a +0 helmet (worn)
 n - a +2 pair of boots (worn)
 q - a +1 chain mail of cold resistance (worn)
 D - a +0 cloak (worn)
Jewellery
 f - a ring of flight
 i - an amulet of faith (around neck)
 t - a ring of resist corrosion (right hand)
 B - a ring of fire
 J - a ring of see invisible
 N - a +6 ring of strength (left hand)
Wands
 k - a wand of flame (15)
 l - a wand of iceblast (13)
 M - a wand of paralysis (11)
Scrolls
 e - 2 scrolls of silence
 m - 6 scrolls of teleportation
 z - a scroll of enchant weapon
 C - 2 scrolls of vulnerability
 F - a scroll of enchant armour {unknown}
 L - a scroll of magic mapping {unknown}
Potions
 b - 4 potions of brilliance
 d - 3 potions of might
 j - 3 potions of haste
 r - 2 potions of curing
 s - 3 potions of lignification
 v - a potion of berserk rage {unknown}
 A - a potion of mutation {unknown}
 E - a potion of flight {unknown}
 H - 2 potions of invisibility {unknown}
 I - a potion of cancellation {unknown}
 K - 4 potions of resistance {unknown}
 O - a potion of attraction {unknown}


   Skills:
 - Level 5.0 Fighting
 + Level 14.6 Maces & Flails
 - Level 5.0 Throwing
 - Level 3.2 Armour
 - Level 5.2 Shields
 - Level 5.0 Invocations


You had 10 spell levels left.
You didn't know any spells.
Your spell library contained the following spells:

 Spells                   Type           Power      Damage    Failure   Level
 Poisonous Vapours        Pois/Air       0%         N/A       97%         2
 Conjure Flame            Conj/Fire      0%         6-21      100%        3
 Mephitic Cloud           Conj/Pois/Air  0%         N/A       100%        3
 Freezing Cloud           Conj/Ice/Air   0%         6-21      100%        6


Dungeon Overview and Level Annotations

Branches:
Dungeon (11/15)            Temple (1/1) D:7         Ossuary (visited)
   Lair: D:8-11         Orc: D:9-12

Altars:
Ashenzari
Cheibriados
Dithmenos
Elyvilon
Fedhas
Gozag
Hepliaklqana
Kikubaaqudgha
Makhleb
Nemelex Xobeh
Okawaru
Qazlal
Ru
Sif Muna
Trog
Uskayaw
Vehumet
Wu Jian
Xom
Yredelemnul
Zin
The Shining One

Annotations:
D:10 Sonja


Innate Abilities, Weirdness & Mutations

You are immune to sickness and miasma.
Your stone body is resilient. (AC +8)
You are immune to poison.
You resist negative energy. (rN+)
You are resistant to electric shocks. (rElec)
You are resistant to unholy torment.
You are immune to petrification.


Message History

The bone dragon is filled with an inner flame.
The bone dragon is moderately damaged.
The bone dragon bites you but does no damage.
The bone dragon claws you but does no damage.
The bone dragon barely misses you.
You hit the bone dragon but do no damage.
The bone dragon is moderately damaged.
The bone dragon bites you!!
* * * LOW HITPOINT WARNING * * *
The bone dragon claws you but does no damage.
The bone dragon tramples you but does no damage.
The bone dragon is engulfed in blazing flames.
Flame seeps out of the bone dragon.
You feel much better.
The bone dragon bites you but does no damage.
The bone dragon claws you but does no damage.
The bone dragon tramples you!
You stumble backwards!
You feel very mighty all of a sudden.
The bone dragon bites you but does no damage.
The bone dragon claws you but does no damage.
The bone dragon tramples you but does no damage.
You hit the bone dragon but do no damage.
The bone dragon is moderately damaged.
The bone dragon barely misses you. The bone dragon claws you.
* * * LOW HITPOINT WARNING * * *
The bone dragon barely misses you.
You can now deal lightning-fast blows.
The bone dragon bites you.
* * * LOW HITPOINT WARNING * * *
The bone dragon claws you but does no damage.
The bone dragon tramples you!
* * * LOW HITPOINT WARNING * * *
You stumble backwards!
Okay, then.
You feel better. The bone dragon bites you.
* * * LOW HITPOINT WARNING * * *
The bone dragon claws you.
* * * LOW HITPOINT WARNING * * *
The bone dragon tramples you!
You die...

.. .. .. .. ## #
### #... #######.#
..#....###....#..#
.........☼.§...D@#
..#.....#.°○..#..#
##...###☼○.###.#
##.# ##.## ### #..
##...### ### ##
#... #.....# .. .#
.. ..
.............. .
.# #.....#.. .#.
.. .# ...###...#
#.. # .#


You could see a bone dragon (inner flame).

Vanquished Creatures
  3 two-headed ogres
  A sixfirhy (Abyss:1)
  Pikel (D:4)
  An ugly thing (D:8)
  A large abomination (Abyss:1)
  An ancient zyme (Abyss:1)
  2 trolls (D:10)
  Prince Ribbit (D:7)
  Grinder (D:3)
  A wyvern (D:8)
  4 vampire mosquitoes (D:10)
  Duvessa (D:6)
  2 water moccasins
  2 ice beasts (D:7)
  2 orc warriors
  2 black bears
  A necrophage (D:6)
  An ogre (D:7)
  4 centaurs
  2 elf zombies (Ossuary)
  2 kobold brigands (D:9)
  5 bullfrogs
  A scorpion (D:7)
  Dowan (D:6)
  A water moccasin zombie (D:5)
  9 killer bees
  3 howler monkeys (D:7)
  4 centaur zombies
  A human zombie (Ossuary)
  4 hounds
  3 gnoll shamans (D:8)
  9 orc priests
  A jelly (D:5)
  3 iguanas
  10 orc wizards
  A hound zombie (Ossuary)
  3 mummies (Ossuary)
  A howler monkey zombie (D:6)
  15 gnolls
  A howler monkey skeleton (D:4)
  10 adders
  2 shadow imps
  A white imp (Abyss:1)
  3 adder zombies (Ossuary)
  2 worms
  2 dart slugs
  44 orcs
  3 bats
  3 endoplasms
  3 giant cockroaches
  2 gnoll zombies (Ossuary)
  8 goblins
  10 hobgoblins
  3 jackals (D:3)
  22 kobolds
  2 quokkas
  9 ball pythons
  5 frilled lizards
  A goblin zombie (Ossuary)
  3 hobgoblin zombies (Ossuary)
  2 jackal zombies (Ossuary)
  6 kobold zombies (Ossuary)
  2 orc zombies (Ossuary)
  6 quokka zombies (Ossuary)
  7 rats
  4 rat zombies (Ossuary)
277 creatures vanquished.

Vanquished Creatures (others)
  9 withered plants (D:8)
9 creatures vanquished.

Grand Total: 286 creatures vanquished

Notes
Turn   | Place    | Note
-------+----------+-------------------------------------------
     0 | D:1      | Delamore the Gargoyle Fighter began the quest for the Orb.
     0 | D:1      | Reached XP level 1. HP: 14/14 MP: 1/1
   272 | D:1      | Reached XP level 2. HP: 19/19 MP: 2/2
   763 | D:1      | Reached skill level 3 in Maces & Flails
   972 | D:2      | Reached XP level 3. HP: 16/24 MP: 3/3
  1241 | D:2      | Found a faded altar of an unknown god.
  1611 | D:3      | Found a burning altar of Makhleb.
  1804 | D:2      | Reached XP level 4. HP: 6/29 MP: 4/4
  2448 | D:3      | Reached skill level 4 in Maces & Flails
  2462 | D:3      | Reached XP level 5. HP: 28/34 MP: 5/5
  2690 | D:3      | Noticed Grinder
  2690 | D:3      | Paralysed by Grinder for 5 turns
  2728 | D:3      | Killed Grinder
  2729 | D:3      | Reached skill level 5 in Fighting
  2729 | D:3      | Reached skill level 5 in Maces & Flails
  2729 | D:3      | Reached XP level 6. HP: 13/40 MP: 6/6
  3184 | D:3      | Reached skill level 6 in Maces & Flails
  3424 | D:4      | Found a white marble altar of Elyvilon.
  3436 | D:4      | Reached XP level 7. HP: 43/44 MP: 7/7
  3595 | D:4      | Found a radiant altar of Vehumet.
  3696 | D:5      | Entered Level 5 of the Dungeon
  3710 | D:5      | Found an ornate altar of the Wu Jian Council.
  3998 | D:5      | Reached skill level 7 in Maces & Flails
  4475 | D:5      | Reached skill level 8 in Maces & Flails
  4487 | D:5      | Reached XP level 8. HP: 24/49 MP: 8/8
  4794 | D:4      | Noticed Pikel
  4821 | D:4      | Killed Pikel
  4822 | D:4      | Reached skill level 9 in Maces & Flails
  5374 | D:4      | Reached skill level 10 in Maces & Flails
  6029 | D:5      | Reached skill level 1 in Throwing
  6223 | D:6      | Reached XP level 9. HP: 50/54 MP: 9/9
  6545 | D:6      | Noticed Duvessa
  6550 | D:6      | Noticed Dowan
  6566 | D:6      | Killed Duvessa
  6754 | D:6      | Killed Dowan
  6862 | D:6      | Reached skill level 11 in Maces & Flails
  7185 | D:7      | Found a staircase to the Ecumenical Temple.
  7196 | Temple   | Entered the Ecumenical Temple
  7460 | Temple   | Became a worshipper of Warmaster Okawaru
  7894 | D:7      | Noticed Prince Ribbit
  7906 | D:7      | Reached * piety under Okawaru
  7922 | D:7      | Killed Prince Ribbit
  8192 | D:7      | Found a shimmering altar of Xom.
  8194 | D:7      | Found a blossoming altar of Fedhas.
  8391 | D:7      | Reached skill level 12 in Maces & Flails
  8573 | D:8      | Found a sand-covered staircase.
  8648 | Ossuary  | Entered an ossuary
  8714 | Ossuary  | Reached XP level 10. HP: 57/59 MP: 10/10
  9050 | D:8      | Reached ** piety under Okawaru
 10218 | D:8      | Found an ancient bone altar of Kikubaaqudgha.
 10665 | D:9      | Noticed a two-headed ogre
 10676 | D:9      | Killed a two-headed ogre
 10676 | D:9      | Reached *** piety under Okawaru
 10677 | D:9      | Reached skill level 13 in Maces & Flails
 10677 | D:9      | Reached skill level 5 in Throwing
 10677 | D:9      | Reached skill level 5 in Shields
 10853 | D:9      | Identified the +0 chain mail "Qaicwejy" {Int+2}
 11023 | D:9      | Found a sacrificial altar of Ru.
 11102 | D:9      | Noticed a cyan ugly thing
 11586 | D:8      | Killed a cyan ugly thing
 11586 | D:8      | Reached **** piety under Okawaru
 11760 | D:9      | Noticed a two-headed ogre
 11781 | D:9      | Killed a two-headed ogre
 11782 | D:9      | Reached skill level 14 in Maces & Flails
 12005 | D:9      | Noticed a +0 falchion
 12005 | D:9      | Noticed a +0 spear
 12006 | D:9      | Noticed a +0 spear
 12006 | D:9      | Noticed a +0 dagger
 12007 | D:9      | Noticed a +0 short sword
 12008 | D:9      | Noticed a +0 falchion
 12008 | D:9      | Noticed a +0 short sword
 12008 | D:9      | Noticed a +0 dagger
 12032 | D:9      | Reached XP level 11. HP: 61/63 MP: 11/11
 12048 | D:9      | Found a hide-covered altar of Uskayaw.
 12070 | D:9      | Reached skill level 1 in Invocations
 12155 | D:9      | Identified a scroll of acquirement
 12156 | D:9      | Acquired the +7 great mace "Firestarter" {inner flame,
                  | rF++}
 12157 | D:9      | Found the +7 great mace "Firestarter" {inner flame, rF++}
 12165 | D:10     | Entered Level 10 of the Dungeon
 12209 | D:10     | Received a gift from Okawaru
 12470 | D:10     | Noticed a two-headed ogre
 12477 | D:10     | Killed a two-headed ogre
 12915 | D:10     | Noticed Sonja
 13298 | D:10     | Cast into level 1 of the Abyss (Sonja)
 13373 | Abyss:1  | Noticed a large abomination
 13393 | Abyss:1  | Noticed a sixfirhy
 13400 | Abyss:1  | Killed a sixfirhy
 13400 | Abyss:1  | Reached ***** piety under Okawaru
 13400 | Abyss:1  | Received a gift from Okawaru
 13406 | Abyss:1  | Killed a large abomination
 13407 | Abyss:1  | Reached skill level 5 in Invocations
 13417 | Abyss:1  | Noticed a bone dragon
 13433 | Abyss:1  | HP: 3/63 [bone dragon (9)]
 13434 | Abyss:1  | Mangled by a bone dragon

Illustrated notes

Levels and vault maps discovered:
D:1:      ncdulo_smallfort, layout_basic, palyth_stone_intersect
D:2:      layout_rooms, hellmonk_ecumenical_altar_pennies_from_heaven
D:3:      minmay_octagon_keep, layout_rooms, bloody_makhleb, uniq_grinder
D:4:      layout_basic, lemuel_crystal_altar, elyvilon_altar_5, uniq_pikel
D:5:      layout_loops_corners, amcnicky_altar_gilded, kennysheep_cluttered_room
D:6:      layout_basic, uniq_duvessa
D:7:      layout_loops_ring, chequers_temple_overflow_statue_of_worship,
          minmay_temple_entry_junction_2, uniq_prince_ribbit1
D:8:      layout_basic, kiku_gazebo_garden_becter,
          nicolae_ossuary_entry_monument
D:9:      layout_cross, nicolae_uskayaw_en_pointe, nicolae_ru_awakened_eye
D:10:     layout_basic, uniq_sonja
D:11:     layout_basic, dpeg_lair_monsters, orc_0_dummy,
          grunt_dithmenos_smoke_and_mirrors, uniq_josephine
Temple:   oiseaux_autumnal_temple
Abyss:1:  base: D:4, minivault_4

Skill      XL: |  1  2  3  4  5  6  7  8  9 10 11 |
---------------+----------------------------------+-----
Maces & Flails | 3 4 5 6 8 10 12 14 | 14.6
Fighting       | 4 5 |  5.0
Throwing       | 1 4 5 |  5.0
Shields        | 5 |  5.2
Invocations    | 5 |  5.0
Armour         | |  3.2

Action                   |  1- 3 |  4- 6 |  7- 9 | 10-12 || total
-------------------------+-------+-------+-------+-------++-------
Melee: Flail             |   128 |   219 |   131 |       ||   478
       Whip              |       |       |   382 |   469 ||   851
       Great mace        |       |       |       |    34 ||    34
       Unarmed           |       |       |       |     3 ||     3
Throw: Javelin           |       |     5 |     8 |       ||    13
       Dart              |       |       |     8 |    11 ||    19
       Boomerang         |       |       |       |     6 ||     6
Invok: Heroism           |       |       |       |     1 ||     1
       Finesse           |       |       |       |     1 ||     1
  Use: Scroll            |       |       |     9 |     5 ||    14
       Potion            |       |       |       |     4 ||     4
 Stab: Distracted        |       |     1 |       |       ||     1
Armor: Scale mail        |   106 |   106 |   114 |       ||   326
       Chain mail        |       |       |   148 |   351 ||   499
       Skin              |       |       |       |     2 ||     2
Dodge: Dodged            |    42 |    50 |   102 |   127 ||   321
Block: Kite shield       |    73 |   130 |   193 |   267 ||   663

Table legend: (Time is in decaauts)
 A = Elapsed time spent in this place.
 B = Non-inter-level travel time spent in this place.
 C = Inter-level travel time spent in this place.
 D = Time resting spent in this place.
 E = Time spent auto-exploring this place.
 F = Levels seen in this place.
 G = Mean time per level.
                   A        B        C        D        E       F      G
               +--------+--------+--------+--------+--------+-----+--------+
         Total |  13415 |  13064 |    351 |   3555 |   6849 |  14 |  958.2 |
       Dungeon |  12390 |  12096 |    294 |   3292 |   6457 |  11 | 1126.4 |
        Temple |    570 |    513 |     57 |    263 |    230 |   1 |  570.0 |
         Abyss |    134 |    134 |      0 |      0 |      0 |   1 |  134.0 |
       Ossuary |    321 |    321 |      0 |      0 |    162 |   1 |  321.0 |
               +--------+--------+--------+--------+--------+-----+--------+

Top non-repeatable levels by time:
     D:8: 1737 daAuts
     D:3: 1444 daAuts
     D:7: 1442 daAuts
     D:4: 1431 daAuts
     D:5: 1340 daAuts
     D:2: 1136 daAuts
     D:9: 1022 daAuts
     D:1: 975 daAuts
    D:10: 948 daAuts
     D:6: 726 daAuts
  Temple: 570 daAuts
 Ossuary: 321 daAuts
    D:11: 185 daAuts
 Abyss:1: 134 daAuts
